 Dungeon Crawl Stone Soup version 0.30-a0-723-gc1506a1cf0 (webtiles) character file.

Game seed: 3774568838128522870

59564 jimonade the Fencer (level 14, -28/62 HPs)
             Began as a Vine Stalker Brigand on Jan 28, 2023.
             Was a Follower of Uskayaw.
             Killed from afar by Jorgrun (38 damage)
             ... with an iron shot
             ... on level 1 of the Orcish Mines.
             The game lasted 01:05:01 (17591 turns).

jimonade the Fencer (Vine Stalker Brigand)         Turns: 17591, Time: 01:05:01

Health: -28/62     AC: 26    Str: 14    XL:     14   Next: 95%
Magic:  0/23       EV:  3    Int: 11    God:    Uskayaw [*.....]
Gold:   1632       SH:  0    Dex: 27    Spells: 23/23 levels left

rFire   + . .      SeeInvis +    a - +7 long sword of the Feather {freeze, rF+ rCorr}
rCold   . . .      Faith    .    j - +0 buckler
rNeg    . . .      Spirit   +    o - +4 plate armour "Gilauhok" {Slay+2 SInv}
rPois   .          Reflect  .    z - +0 helmet
rElec   .          Harm     .    c - +0 cloak
rCorr   +          Rampage  .    O - +0 pair of gloves
Will    ++...                    J - +2 pair of boots Stlth
                                 K - amulet of the acrobat
HPRegen 1.10/turn                R - ring of willpower
MPRegen 0.18/turn                L - +6 ring of dexterity

@: marked, held
A: fangs 3, regeneration 1, magic shield, antimagic bite, no potion heal 2
a: Renounce Religion, Stomp


You were on level 1 of the Orcish Mines.
You worshipped Uskayaw.
Uskayaw was aware of your devotion.
You visited 4 branches of the dungeon, and saw 20 of its levels.
You also visited: Volcano.

You collected 1632 gold pieces.

Inventory:

Hand Weapons
 a - the +7 long sword of the Feather (weapon) {freeze, rF+ rCorr}
   (You found it on level 5 of the Dungeon)

   rF:        It protects you from fire.
   rCorr:     It protects you from acid and corrosion.
 b - a +1 scimitar of flaming
 g - the +11 Singing Sword {sonic wave}
   (You acquired it on level 1 of the Lair of Beasts)
 V - a +4 scimitar of venom
Missiles
 d - 41 poisoned darts (quivered)
 e - 7 curare-tipped darts
 t - 3 throwing nets
Armour
 c - a +0 cloak (worn)
 j - a +0 buckler (worn)
 n - a +2 scale mail of fire resistance
 o - the +4 plate armour "Gilauhok" (worn) {Slay+2 SInv}
   (You found it on level 2 of the Dungeon)

   Slay:      It affects your accuracy & damage with ranged weapons and melee
   (+2).
   SInv:      It lets you see invisible.
 z - a +0 helmet (worn)
 J - a +2 pair of boots (worn)
 N - a +2 robe of positive energy
 O - a +0 pair of gloves (worn)
 X - a +0 troll leather armour
Jewellery
 v - a ring of flight
 y - a ring of protection from fire
 E - a ring of magical power
 K - an amulet of the acrobat (around neck)
 L - a +6 ring of dexterity (right hand)
 R - a ring of willpower (left hand)
 T - a ring of protection from cold
Wands
 x - a wand of paralysis (8)
 A - a wand of roots (18)
 B - a wand of polymorph (22)
 F - a wand of flame (61)
 H - a wand of mindburst (43)
 Q - a wand of light (1)
Scrolls
 f - 13 scrolls of teleportation
 k - 4 scrolls of enchant armour
 m - a scroll of silence
 q - 3 scrolls of fog
 r - a scroll of enchant weapon
 u - 2 scrolls of identify
 D - 2 scrolls of amnesia
 M - a scroll of summoning
 S - a scroll of blinking
 W - 3 scrolls of magic mapping
 Y - 2 scrolls of fear
Potions
 h - 6 potions of curing
 i - 3 potions of brilliance
 l - 3 potions of ambrosia
 p - 3 potions of haste
 s - 5 potions of magic
 w - 4 potions of might
 C - a potion of cancellation
 G - 3 potions of berserk rage
 I - 2 potions of invisibility
 U - a potion of resistance
Miscellaneous
 P - a piece from Xom's chessboard (15/15)
 Z - a phial of floods


   Skills:
 - Level 1.7 Fighting
 - Level 6.5(11.9) Short Blades
 - Level 15.4(16.0) Long Blades
 - Level 1.7 Throwing
 - Level 10.1 Armour
 - Level 0.7 Dodging
 - Level 6.0 Stealth
 * Level 8.2 Shields
 - Level 5.3 Spellcasting
 * Level 9.6 Invocations


You had 23 spell levels left.
You didn't know any spells.
Your spell library contained the following spells:

 Spells                   Type           Power      Damage    Failure   Level
 Apportation              Tloc           4%         N/A       100%        1
 Necrotise                Necr           8%         1d4       100%        1
 Shock                    Conj/Air       8%         1d3       100%        1
 Slow                     Hex            8%         N/A       100%        1
 Summon Small Mammal      Summ           8%         N/A       100%        1
 Ensorcelled Hibernation  Hex/Ice        4%         N/A       100%        2
 Static Discharge         Conj/Air       4%         2-3/arc   100%        2
 Sublimation of Blood     Necr           2%         N/A       100%        2
 Wereblood                Tmut           2%         N/A       100%        2
 Confusing Touch          Hex            2%         N/A       100%        3
 Ozocubu's Armour         Ice            2%         N/A       100%        3
 Spider Form              Tmut/Pois      2%         N/A       100%        3
 Swiftness                Air            2%         N/A       100%        3
 Vampiric Draining        Necr           2%         2d6       100%        3
 Vhi's Electric Charge    Tloc/Air       4%         N/A       100%        3
 Airstrike                Air            1%         2d(1-17)  100%        4
 Anguish                  Hex/Necr       1%         N/A       100%        4
 Animate Armour           Summ/Erth      4%         N/A       100%        4
 Ice Form                 Ice/Tmut       2%         N/A       100%        4
 Alistair's Intoxication  Tmut/Pois      1%         N/A       100%        5
 Arcjolt                  Conj/Air       1%         1d11      100%        5
 Blade Hands              Tmut           1%         N/A       100%        5
 Lightning Bolt           Conj/Air       1%         1d12      100%        5
 Metabolic Englaciation   Hex/Ice        1%         N/A       100%        5
 Iron Shot                Conj/Erth      1%         9d1       100%        6
 Simulacrum               Ice/Necr       1%         N/A       100%        6
 Summon Hydra             Summ           1%         N/A       100%        7


Dungeon Overview and Level Annotations

Branches:
Dungeon (13/15)            Temple (1/1) D:6            Lair (5/5) D:8
  Swamp (0/4) Lair:2        Snake (0/4) Lair:3        Slime (0/5) Lair:4
    Orc (1/2) D:10         Vaults (0/5) D:13        Volcano (visited)

Altars:
Ashenzari
Cheibriados
Dithmenos
Elyvilon
Fedhas
Gozag
Hepliaklqana
Kikubaaqudgha
Makhleb
Nemelex Xobeh
Okawaru
Qazlal
Ru
Sif Muna
Trog
Uskayaw
Vehumet
Wu Jian
Xom
Yredelemnul
Zin
The Shining One
Jiyva

Annotations:
D:5 exclusion: downstairs
Lair:2 2 transporters, Hamu's ghost, journeyman DsFE
Orc:1 Harold; Jorgrun


Innate Abilities, Weirdness & Mutations

You have razor-sharp teeth.
Your natural rate of healing is unusually fast.
When hurt, damage is shared between your health and your magic reserves.
Your bite disrupts and absorbs the magic of your enemies.
Potions cannot restore your health.


Message History

You climb downwards.
Welcome back to the Orcish Mines!
Level annotation: Harold; Jorgrun The troll bites you but does no damage.
The troll claws you! You block the troll's attack.
Harold throws a throwing net.
The throwing net hits you.
You become entangled in the net!
The orc hits you but does no damage. The ogre barely misses you.
The orc warrior hits you but does no damage.
The troll bites you.
The troll claws you but does no damage. x2
The orc warrior hits you but does no damage.
The orc hits you but does no damage.
There is a staircase back to the Dungeon, spattered with blood here.
Things that are here:
a throwing net; a throwing net You struggle against the net.
The ogre hits you but does no damage. The troll bites you but does no damage.
The troll claws you. The troll claws you but does no damage.
The orc hits you with a +0 morningstar.
The orc warrior hits you but does no damage.
Harold fires a harpoon shot at you. The harpoon shot misses you.
The harpoon shot hits the ettin.
You struggle against the net.
Jorgrun casts a spell at you. You resist with almost no effort.
The troll bites you but does no damage.
The troll claws you but does no damage. x2
The orc hits you but does no damage.
The orc warrior hits you with a +0 short sword.
The ogre hits you with a +0 giant spiked club!
You struggle against the net.
The troll bites you.
The troll claws you but does no damage. x2
The orc hits you with a +0 morningstar.
The orc warrior hits you with a +0 short sword!
The ettin hits you with a +0 great mace!!
* * * LOW HITPOINT WARNING * * *
The ettin hits you with a +0 dire flail.
* * * LOW HITPOINT WARNING * * *
Harold points at you and mumbles some strange words.
You barely resist. Jorgrun gestures at you while chanting.
The iron shot hits you!!!
Ouch! That really hurt!
You die...

..............
. ......$......
.. .$.$......$.
.#. ...........
..$.#.......$#.
.^.......o.....
#....TCg..>...
#.....@o......
......^oO......
...............
.....@....$....
...............
.#....#........
#....###.....$$
....# .......


You could see Jorgrun, Harold, an ettin, a troll, an orc warrior, an ogre, an
orc wizard and an orc.

Vanquished Creatures
  An entropy weaver (shapeshifter) (D:13)
  Erolcha (D:12)
  2 hydras
  A centaur warrior (D:13)
  A two-headed ogre (D:12)
  A boulder beetle (D:13)
  Sonja (Lair:4)
  A goliath frog (Lair:5)
  A deep troll (Lair:1)
  2 bog bodies (Lair:2)
  A deep elf archer (Volcano)
  Pikel (D:6)
  An oklob plant (Lair:5)
  6 deep elf pyromancers (Volcano)
  2 ugly things
  A salamander (Lair:3)
  2 cyclopes
  2 manticores
  22 elephants
  Maurice (D:11)
  6 black mambas
  3 gargoyles
  A torpor snail (Lair:4)
  19 cane toads
  9 komodo dragons
  An efreet (D:13)
  A rime drake (shapeshifter) (D:13)
  4 kobold demonologists
  A hornet (D:9)
  A meliai (shapeshifter) (D:13)
  3 tyrant leeches (Lair:5)
  5 trolls
  18 blink frogs
  3 polar bears
  Prince Ribbit (D:5)
  6 dream sheep
  7 slime creatures
  Sigmund (D:6)
  5 wraiths
  8 wyverns
  A water elemental (D:12)
  4 fire elementals (Volcano)
  30 yaks
  A basilisk (Lair:4)
  12 vampire mosquitoes
  Menkaure (D:6)
  3 wargs (D:10)
  2 acid dragons (D:12)
  A swamp worm (shapeshifter) (D:13)
  6 hell hounds (Volcano)
  9 water moccasins
  4 orc warriors
  4 ice beasts
  2 sky beasts
  4 black bears
  An ogre (D:7)
  7 wolves
  A phantom (D:5)
  11 centaurs
  3 kobold brigands
  A necrophage (D:8)
  12 bullfrogs
  A gnoll sergeant (D:8)
  2 scorpions (D:8)
  12 wights
  11 killer bees
  2 electric eels
  12 howler monkeys
  4 lava snakes (Lair:3)
  2 hounds (D:6)
  3 jellies (Lair:4)
  A gnoll bouda (D:10)
  5 orc priests
  2 iguanas (D:5)
  4 orc wizards
  12 gnolls
  11 adders
  A white imp (D:8)
  3 worms (D:2)
  A dart slug (D:5)
  18 orcs
  9 ball pythons
  8 endoplasms
  17 goblins
  10 hobgoblins
  3 jackals (D:2)
  3 quokkas
  A bat (D:1)
  17 kobolds
  4 rats
453 creatures vanquished.

Vanquished Creatures (others)
  A bush (Lair:5)
  23 fungi
  124 plants
148 creatures vanquished.

Grand Total: 601 creatures vanquished

Notes
Turn   | Place    | Note
-------+----------+-------------------------------------------
     0 | D:1      | jimonade the Vine Stalker Brigand began the quest for the
                  | Orb.
     0 | D:1      | Reached XP level 1. HP: 11/11 MP: 2/2
    91 | D:1      | Reached skill level 5 in Stealth
   463 | D:2      | Reached XP level 2. HP: 15/15 MP: 3/3
   532 | D:2      | Found a faded altar of an unknown god.
   586 | D:2      | Reached XP level 3. HP: 18/18 MP: 2/4
   594 | D:2      | Identified the +1 short sword of the Magi {venom, rElec rN+
                  | Dex+3 Stlth-}
   664 | D:2      | Identified the +4 plate armour "Gilauhok" {Slay+2 SInv}
  1232 | D:3      | Gained mutation: Your natural rate of healing is unusually
                  | fast. [Vine Stalker growth]
  1232 | D:3      | Reached XP level 4. HP: 23/23 MP: 5/5
  1235 | D:3      | Found a broken altar of Ashenzari.
  1461 | D:3      | Reached skill level 1 in Armour
  1767 | D:3      | Found a shimmering blue altar of Sif Muna.
  2217 | D:4      | Reached XP level 5. HP: 19/26 MP: 4/6
  2820 | D:5      | Entered Level 5 of the Dungeon
  2897 | D:5      | Reached XP level 6. HP: 30/30 MP: 7/7
  3117 | D:5      | Identified the +7 long sword of the Feather {freeze, rF+
                  | rCorr}
  3148 | D:5      | Noticed a water moccasin
  3159 | D:5      | Killed a water moccasin
  3162 | D:5      | Reached XP level 7. HP: 28/34 MP: 8/8
  3197 | D:5      | Reached skill level 5 in Short Blades
  3251 | D:5      | Noticed Prince Ribbit
  3257 | D:5      | Killed Prince Ribbit
  3258 | D:5      | Reached skill level 1 in Long Blades
  3533 | D:6      | Noticed Sigmund
  3822 | D:6      | Gained mutation: You have razor-sharp teeth. [Vine Stalker
                  | growth]
  3822 | D:6      | Reached XP level 8. HP: 38/38 MP: 9/9
  3885 | D:6      | Reached skill level 2 in Long Blades
  3924 | D:6      | Found a sparkling altar of Nemelex Xobeh.
  4025 | D:6      | Found a staircase to the Ecumenical Temple.
  4067 | Temple   | Entered the Ecumenical Temple
  4388 | D:6      | Reached skill level 5 in Armour
  4390 | D:6      | Reached skill level 3 in Long Blades
  4412 | D:6      | Noticed Menkaure
  4538 | D:6      | Killed Menkaure
  4632 | D:6      | Noticed Pikel
  4645 | D:6      | Killed Pikel
  4646 | D:6      | Reached skill level 4 in Long Blades
  4646 | D:6      | Reached XP level 9. HP: 39/42 MP: 10/10
  4697 | D:6      | Found an iron altar of Okawaru.
  4837 | D:6      | Reached skill level 5 in Long Blades
  4852 | D:6      | Found an ornate altar of the Wu Jian Council.
  5031 | D:6      | Found a glowing golden altar of the Shining One.
  5040 | D:6      | Killed Sigmund
  5278 | D:7      | Reached skill level 6 in Long Blades
  5291 | D:7      | Got Ecsa's Catalogue of Exhumation and Cold
  5420 | D:7      | Found a hide-covered altar of Uskayaw.
  5461 | D:7      | Became a worshipper of Uskayaw the Reveller
  5661 | D:7      | Reached * piety under Uskayaw
  5733 | D:7      | Reached ** piety under Uskayaw
  5734 | D:7      | Reached *** piety under Uskayaw
  6014 | D:7      | Reached skill level 7 in Long Blades
  6113 | D:8      | Reached skill level 1 in Spellcasting
  6113 | D:8      | Reached skill level 1 in Invocations
  6113 | D:8      | Reached XP level 10. HP: 46/46 MP: 12/12
  6116 | D:8      | Reached **** piety under Uskayaw
  6118 | D:8      | Reached ***** piety under Uskayaw
  6403 | D:8      | Reached skill level 8 in Long Blades
  6642 | D:8      | Found a staircase to the Lair.
  7242 | D:9      | Reached skill level 9 in Long Blades
  7369 | D:9      | Found an opulent altar of Gozag.
  7496 | D:10     | Entered Level 10 of the Dungeon
  7753 | D:10     | Found a staircase to the Orcish Mines.
  7803 | D:10     | Reached XP level 11. HP: 49/50 MP: 16/16
  7811 | D:10     | Noticed a cyan ugly thing
  7841 | D:10     | Killed a cyan ugly thing
  8117 | D:10     | Reached skill level 10 in Long Blades
  8360 | D:11     | Reached ****** piety under Uskayaw
  8649 | D:11     | Noticed a manticore
  8658 | D:11     | Killed a manticore
  8791 | D:11     | Noticed Maurice
  8853 | D:11     | Killed Maurice
  9047 | D:11     | Noticed a cyclops
  9059 | D:11     | Killed a cyclops
  9318 | D:11     | Noticed a red ugly thing
  9326 | D:11     | Killed a red ugly thing
  9327 | D:11     | Reached skill level 11 in Long Blades
  9534 | D:12     | Noticed a manticore
  9548 | D:12     | Killed a manticore
  9861 | D:12     | Noticed a cyclops
  9874 | D:12     | Reached XP level 12. HP: 50/54 MP: 19/19
  9882 | D:12     | Noticed Erolcha
  9896 | D:12     | Killed Erolcha
 10218 | D:12     | Noticed a two-headed ogre
 10230 | D:12     | Killed a two-headed ogre
 10231 | D:12     | Reached skill level 12 in Long Blades
 10616 | D:13     | Noticed a boulder beetle
 10658 | D:13     | Killed a boulder beetle
 10720 | D:13     | Noticed an entropy weaver
 10740 | D:13     | Killed an entropy weaver
 10953 | D:13     | Found a gate to the Vaults.
 10961 | D:13     | Noticed a ghost moth
 10976 | D:13     | a ghost moth changed into a bunyip
 10976 | D:13     | Noticed a bunyip (glowing shapeshifter)
 10977 | D:13     | a bunyip changed into an anaconda
 10977 | D:13     | Noticed an anaconda (glowing shapeshifter)
 10981 | D:13     | an anaconda changed into a swamp worm
 11209 | D:13     | Noticed a centaur warrior
 11225 | D:13     | Killed a centaur warrior
 11555 | Lair:1   | Entered Level 1 of the Lair of Beasts
 11574 | Lair:1   | Reached skill level 5 in Spellcasting
 11574 | Lair:1   | Reached skill level 5 in Invocations
 11740 | Lair:1   | Reached skill level 13 in Long Blades
 11828 | Lair:1   | Reached skill level 10 in Armour
 11830 | Lair:1   | Reached XP level 13. HP: 48/58 MP: 21/21
 11928 | Lair:1   | Identified a scroll of acquirement
 11933 | Lair:1   | Acquired the +11 Singing Sword {sonic wave}
 11933 | Lair:1   | Found the +11 Singing Sword {sonic wave}
 13019 | Lair:2   | Found a staircase to the Swamp.
 13473 | Lair:2   | Noticed Hamu's ghost (journeyman DsFE)
 13611 | Lair:2   | Reached skill level 14 in Long Blades
 13611 | Lair:2   | Found a transporter.
 13629 | Lair:2   | Found a transporter.
 14411 | Lair:3   | Reached skill level 1 in Shields
 14421 | Lair:3   | You fall into a shaft and drop 2 floors!
 14421 | Lair:5   | Entered Level 5 of the Lair of Beasts
 14529 | Lair:5   | Reached skill level 15 in Long Blades
 14980 | Lair:5   | Reached XP level 14. HP: 46/62 MP: 21/23
 15508 | Lair:5   | Reached skill level 5 in Shields
 15877 | Lair:4   | Found a dark tunnel.
 15886 | Volcano  | Entered a volcano
 16146 | Lair:4   | Found a staircase to the Slime Pits.
 16147 | Lair:4   | Found a viscous altar of Jiyva.
 16349 | Lair:4   | Found a shimmering altar of Xom.
 16390 | Lair:4   | Noticed Sonja
 16398 | Lair:4   | Killed Sonja
 16938 | Lair:3   | Found a staircase to the Snake Pit.
 17533 | Orc:1    | Entered Level 1 of the Orcish Mines
 17533 | Orc:1    | Noticed Harold
 17551 | Orc:1    | Noticed Jorgrun
 17591 | Orc:1    | Killed from afar by Jorgrun

Illustrated notes

Levels and vault maps discovered:
D:1:      dpeg_arrival_simpleton_a, layout_basic
D:2:      layout_basic, shapermc_ecumenical_altar_mp_vishouse
D:3:      layout_basic, evilmike_ruin_ashenzari, led_sif_book, serial_glass,
          glass_columns_a, glass_columns_a
D:4:      cheibrodos_greedy_goblins, layout_cave_pods
D:5:      layout_basic, uniq_prince_ribbit1
D:6:      layout_basic, tso_oasis_becter, old_standard_altar,
          mainiacjoe_overflow_catch_the_wave, temple_pool_b, serial_glass,
          glass_columns_c, glass_columns_b, minmay_misc_feat_cross,
          kennysheep_minor_cross, fountainhead, uniq_sigmund, uniq_menkaure,
          uniq_pikel
D:7:      layout_loops_corners, mainiacjoe_overflow_concentric_impassable
D:8:      layout_basic, grunt_lair_entry_orc_guard_hut
D:9:      layout_roguey, mainiacjoe_overflow_alcove_4
D:10:     layout_loops_cross, david_orc_1_choice, minivault_25
D:11:     layout_loops_ring, minmay_misc_feat_alley, uniq_maurice
D:12:     layout_loops_cross, serial_bayou, serial_bayou_pond_b,
          serial_bayou_pond_e, serial_bayou_shore_b, serial_bayou_pond_d,
          uniq_erolcha
D:13:     layout_rooms, david_vaults_2
Temple:   dpeg_chambers_temple
Lair:1:   dreamdust_cave_troll, layout_layer_cave, serial_bayou_shore_a
Lair:2:   layout_small_grid, skrybe_swamp_entry_bodies, gammafunk_ghost_hive,
          infiniplex_staircase_pool
Lair:3:   layout_hall_layers, nicolae_snake_entry_warm_welcome, minivault_11
Lair:4:   layout_hall_layers, nicolae_slime_entry_field_trip,
          nicolae_volcano_entry_lava_flow, basic_altar, uniq_sonja
Lair:5:   minmay_lair_end_frog_pond, layout_cave_shapes, wad_woods_road_04,
          serial_bayou_shore_b
Orc:1:    layout_caves, nicolae_orc_flooded_monolith, uniq_jorgrun, uniq_harold

Skill      XL: |  1  2  3  4  5  6  7  8  9 10 11 12 13 14 |
---------------+-------------------------------------------+-----
Stealth        | 5 6 |  6.0
Short Blades   | 2 3 4 5 6 |  6.5
Armour         | 1 2 3 4 5 6 7 8 10 | 10.1
Long Blades    | 1 4 7 9 11 13 15 | 15.4
Spellcasting   | 1 2 4 5 |  5.3
Invocations    | 1 2 4 5 6 9 |  9.6
Shields        | 2 8 |  8.2
Fighting       | |  1.7
Throwing       | |  1.7
Dodging        | |  0.7

Action                     |  1- 3 |  4- 6 |  7- 9 | 10-12 | 13-15 || total
---------------------------+-------+-------+-------+-------+-------++-------
  Melee: Dagger            |    23 |     9 |       |       |       ||    32
         Bite              |    14 |    35 |    51 |   181 |   195 ||   476
         Short sword       |    34 |   106 |       |       |       ||   140
         Punch             |     1 |     2 |     2 |    13 |     2 ||    20
         Long sword        |       |     8 |   138 |   503 |   176 ||   825
         Double sword      |       |       |       |       |   300 ||   300
         Scimitar          |       |       |       |       |    13 ||    13
  Throw: Dart              |     3 |       |       |       |     5 ||     8
 Invoke: Stomp             |       |       |       |       |     1 ||     1
    Use: Scroll            |       |       |    11 |     3 |    15 ||    29
         Potion            |       |       |       |     1 |       ||     1
   Stab: Sleeping          |     7 |       |       |       |       ||     7
         Paralysed         |       |       |     1 |    31 |    37 ||    69
 Armour: Robe              |     3 |       |       |       |       ||     3
         Plate armour      |    13 |    77 |    98 |   322 |   255 ||   765
  Dodge: Dodged            |    12 |    20 |    52 |   152 |   133 ||   369
  Block: Buckler           |       |       |       |       |    94 ||    94

Table legend: (Time is in decaauts)
 A = Elapsed time spent in this place.
 B = Non-inter-level travel time spent in this place.
 C = Inter-level travel time spent in this place.
 D = Time resting spent in this place.
 E = Time spent auto-exploring this place.
 F = Levels seen in this place.
 G = Mean time per level.
                   A        B        C        D        E       F      G
               +--------+--------+--------+--------+--------+-----+--------+
         Total |  17445 |  16365 |   1080 |    985 |  10750 |  21 |  830.7 |
       Dungeon |  11235 |  10564 |    671 |    644 |   7110 |  13 |  864.2 |
        Temple |    370 |    348 |     22 |    136 |    189 |   1 |  370.0 |
          Lair |   5603 |   5216 |    387 |    205 |   3425 |   5 | 1120.6 |
  Orcish Mines |     14 |     14 |      0 |      0 |      0 |   1 |   14.0 |
       Volcano |    221 |    221 |      0 |      0 |     25 |   1 |  221.0 |
               +--------+--------+--------+--------+--------+-----+--------+

Top non-repeatable levels by time:
  Lair:5: 1533 daAuts
  Lair:1: 1464 daAuts
    D:12: 1139 daAuts
    D:10: 1073 daAuts
     D:6: 1046 daAuts
  Lair:2: 1043 daAuts
    D:11: 1013 daAuts
     D:5: 978 daAuts
     D:4: 932 daAuts
     D:7: 869 daAuts
     D:2: 818 daAuts
    D:13: 814 daAuts
  Lair:4: 806 daAuts
     D:9: 756 daAuts
  Lair:3: 755 daAuts
